2302 views
Uploaded 2021-10-11 16:12:51
Game version 1.32.10
26:50 long 3on3 ladder game on (6)UpperKingdom
Saved by xzz
2302 views
Uploaded 2021-10-11 16:12:51
Game version 1.32.10
26:50 long 3on3 ladder game on (6)UpperKingdom


114 units @ 15.6k
/ 2.5k
102 buildings @ 13.8k
/ 7.1k


| Scroll of Regeneration | 4 | 400 |
| Potion of Mana | 1 | 200 |
| Potion of Healing | 1 | 150 |
| Scroll of Town Portal | 2 | 700 |
| total: | 8 | 1450g |
| Peasant | 14 | 1050 | / | 0 |
| Footman | 2 | 270 | / | 0 |
| Rifleman | 9 | 1845 | / | 270 |
| Mortar Team | 4 | 720 | / | 280 |
| Knight | 3 | 735 | / | 180 |
| total: | 32 | 4620g | / | 730w |
| Scout Tower | 4 | 120 | / | 80 |
| Guard Tower | 2 | 140 | / | 100 |
| Arcane Tower | 2 | 140 | / | 100 |
| Altar of Kings | 1 | 180 | / | 50 |
| Farm | 10 | 800 | / | 200 |
| Barracks | 1 | 160 | / | 60 |
| Lumber Mill | 1 | 120 | / | 0 |
| Blacksmith | 1 | 140 | / | 60 |
| Arcane Vault | 1 | 130 | / | 30 |
| Town Hall | 1 | 385 | / | 205 |
| Workshop | 1 | 140 | / | 140 |
| Keep | 1 | 320 | / | 210 |
| Castle | 1 | 360 | / | 210 |
| total: | 21 | 2175g | / | 825w |
| 0:03 | Peasant |
| 0:03 | Peasant |
| 0:13 | Altar of Kings |
| 0:19 | Farm |
| 0:28 | Farm |
| 0:46 | Peasant |
| 1:00 | Barracks |
| 1:02 | Peasant |
| 1:15 | Lumber Mill |
| 1:20 | Peasant |
| 1:26 | Peasant |
| 1:42 | Peasant |
| 1:50 | Peasant |
| 2:01 | Footman |
| 2:22 | Blacksmith |
| 2:25 | Footman |
| 2:31 | Arcane Vault |
| 2:41 | Farm |
| 2:46 | Summon Water Elemental |
| 3:32 | Farm |
| 3:51 | Rifleman |
| 3:54 | Improved Lumber Harvesting |
| 4:00 | Scout Tower |
| 4:04 | Scout Tower |
| 4:06 | Scroll of Regeneration |
| 4:11 | Keep |
| 4:25 | Rifleman |
| 4:34 | Scout Tower |
| 4:44 | Scout Tower |
| 5:21 | Rifleman |
| 5:35 | Brilliance Aura |
| 5:57 | Guard Tower |
| 5:58 | Arcane Tower |
| 6:00 | Rifleman |
| 6:17 | Arcane Tower |
| 6:21 | Guard Tower |
| 6:26 | Farm |
| 6:33 | Scroll of Regeneration |
| 6:40 | Long Rifles |
| 6:52 | Advanced Lumber Harvesting |
| 7:20 | Summon Water Elemental |
| 7:25 | Rifleman |
| 7:28 | Workshop |
| 7:40 | Rifleman |
| 7:58 | Black Gunpowder |
| 8:02 | Scroll of Regeneration |
| 8:10 | Farm |
| 9:03 | Mortar Team |
| 9:07 | Rifleman |
| 9:15 | Farm |
| 9:31 | Brilliance Aura |
| 9:38 | Storm Bolt |
| 9:59 | Studded Leather Armor |
| 10:04 | Town Hall |
| 10:10 | Peasant |
| 10:10 | Peasant |
| 10:34 | Rifleman |
| 10:41 | Mortar Team |
| 11:56 | Castle |
| 12:35 | Scroll of Town Portal |
| 12:41 | Reinforced Leather Armor |
| 12:51 | Farm |
| 13:36 | Peasant |
| 13:36 | Peasant |
| 13:36 | Peasant |
| 13:37 | Peasant |
| 13:52 | Rifleman |
| 14:03 | Mortar Team |
| 14:28 | Knight |
| 14:32 | Farm |
| 16:18 | Fragmentation Shards |
| 16:20 | Knight |
| 16:22 | Farm |
| 16:30 | Improved Masonry |
| 16:33 | Refined Gunpowder |
| 16:34 | Dragonhide Armor |
| 16:36 | Scroll of Town Portal |
| 16:36 | Potion of Mana |
| 16:37 | Potion of Healing |
| 16:41 | Scroll of Regeneration |
| 17:06 | Bash |
| 18:16 | Summon Water Elemental |
| 18:24 | Mortar Team |
| 18:25 | Knight |
| 18:28 | Imbued Gunpowder |
| Right click | 461 |
| Select | 260 |
| Build/train/purchase | 79 |
| Chat | 17 |
| Resource trade | 14 |
| Minimap ping | 12 |
| Use ability | 10 |



| Rod of Necromancy | 4 | 600 |
| Sacrificial Skull | 1 | 50 |
| Potion of Healing | 7 | 1050 |
| Lesser Clarity Potion | 1 | 70 |
| Orb of Corruption | 1 | 375 |
| Potion of Mana | 1 | 200 |
| Scroll of Healing | 1 | 250 |
| Scroll of Town Portal | 2 | 700 |
| Scroll of Speed | 1 | 50 |
| total: | 19 | 3345g |
| Acolyte | 8 | 600 | / | 0 |
| Ghoul | 5 | 600 | / | 0 |
| Crypt Fiend | 7 | 1505 | / | 280 |
| Obsidian Statue | 4 | 800 | / | 140 |
| Frost Wyrm | 3 | 1155 | / | 360 |
| total: | 27 | 4660g | / | 780w |
| Crypt | 1 | 200 | / | 50 |
| Graveyard | 1 | 215 | / | 0 |
| Altar of Darkness | 1 | 180 | / | 50 |
| Ziggurat | 7 | 1050 | / | 350 |
| Tomb of Relics | 1 | 130 | / | 30 |
| Necropolis | 1 | 225 | / | 0 |
| Slaughterhouse | 1 | 140 | / | 135 |
| Boneyard | 2 | 350 | / | 400 |
| Halls of the Dead | 1 | 320 | / | 210 |
| Black Citadel | 1 | 325 | / | 230 |
| total: | 15 | 2490g | / | 1015w |
| 0:04 | Acolyte |
| 0:04 | Acolyte |
| 0:07 | Crypt |
| 0:12 | Graveyard |
| 0:30 | Altar of Darkness |
| 0:47 | Ziggurat |
| 1:11 | Ghoul |
| 1:12 | Ghoul |
| 1:17 | Tomb of Relics |
| 1:26 | Ghoul |
| 1:43 | Ziggurat |
| 1:53 | Ghoul |
| 2:07 | Ghoul |
| 2:31 | Crypt Fiend |
| 2:36 | Carrion Beetles |
| 2:41 | Rod of Necromancy |
| 2:46 | Sacrificial Skull |
| 3:06 | Acolyte |
| 3:31 | Crypt Fiend |
| 4:03 | Impale |
| 4:13 | Ziggurat |
| 4:23 | Necropolis |
| 4:42 | Halls of the Dead |
| 5:03 | Crypt Fiend |
| 5:21 | Crypt Fiend |
| 5:41 | Impale |
| 6:01 | Crypt Fiend |
| 6:06 | Acolyte |
| 6:06 | Acolyte |
| 6:06 | Acolyte |
| 6:06 | Acolyte |
| 6:40 | Crypt Fiend |
| 7:04 | Crypt Fiend |
| 7:17 | Slaughterhouse |
| 7:21 | Black Citadel |
| 7:33 | Potion of Healing |
| 7:36 | Lesser Clarity Potion |
| 7:38 | Potion of Healing |
| 7:39 | Scroll of Speed |
| 7:50 | Ziggurat |
| 8:03 | Potion of Healing |
| 8:04 | Rod of Necromancy |
| 8:07 | Death Coil |
| 8:10 | Potion of Healing |
| 8:23 | Obsidian Statue |
| 9:52 | Unholy Aura |
| 9:57 | Boneyard |
| 10:00 | Boneyard |
| 10:03 | Ziggurat |
| 10:04 | Ziggurat |
| 10:06 | Creature Attack |
| 10:07 | Creature Carapace |
| 10:08 | Destroyer Form |
| 10:22 | Spiked Carapace |
| 10:34 | Obsidian Statue |
| 10:53 | Potion of Healing |
| 10:53 | Potion of Healing |
| 10:53 | Rod of Necromancy |
| 10:54 | Orb of Corruption |
| 10:54 | Scroll of Healing |
| 10:59 | Frost Nova |
| 11:28 | Web |
| 11:46 | Frost Wyrm |
| 11:53 | Obsidian Statue |
| 12:15 | Scroll of Town Portal |
| 12:18 | Potion of Mana |
| 12:21 | Rod of Necromancy |
| 12:45 | Ghoul Frenzy |
| 12:59 | Improved Creature Attack |
| 13:41 | Dark Ritual |
| 14:16 | Frost Wyrm |
| 14:21 | Ziggurat |
| 14:36 | Advanced Creature Attack |
| 14:46 | Improved Creature Carapace |
| 15:57 | Impale |
| 16:04 | Frost Wyrm |
| 16:05 | Obsidian Statue |
| 16:26 | Acolyte |
| 16:49 | Scroll of Town Portal |
| 16:50 | Potion of Healing |
| 17:02 | Freezing Breath |
| 17:47 | Death Coil |
| 18:37 | Locust Swarm |
| 19:07 | Death Pact |
| Select group | 761 |
| Right click | 402 |
| Select | 227 |
| Build/train/purchase | 146 |
| Assign group | 44 |
| Use ability | 40 |
| Chat | 24 |
| Resource trade | 5 |
| Remove unit | 3 |
| Minimap ping | 2 |
| Misc. action | 1 |
| Item give/drop | 1 |
xzz
(96)
(26:46) : 
| Healing Salve | 1 | 100 |
| Lesser Clarity Potion | 5 | 350 |
| Scroll of Speed | 2 | 100 |
| Orb of Lightning | 1 | 375 |
| Potion of Healing | 2 | 300 |
| Scroll of Town Portal | 2 | 700 |
| total: | 13 | 1925g |
| Peon | 33 | 2475 | / | 0 |
| Demolisher | 6 | 1320 | / | 300 |
| Troll Batrider | 16 | 2560 | / | 640 |
| total: | 55 | 6355g | / | 940w |
| Watch Tower | 46 | 5060 | / | 3680 |
| Altar of Storms | 1 | 180 | / | 50 |
| Orc Burrow | 5 | 800 | / | 200 |
| War Mill | 2 | 410 | / | 0 |
| Voodoo Lounge | 3 | 390 | / | 90 |
| Barracks | 2 | 360 | / | 100 |
| Great Hall | 4 | 1540 | / | 740 |
| Beastiary | 3 | 435 | / | 420 |
| Stronghold | 1 | 315 | / | 190 |
| Fortress | 1 | 325 | / | 190 |
| total: | 66 | 9175g | / | 5280w |
| 0:22 | Peon |
| 0:22 | Peon |
| 0:25 | Altar of Storms |
| 0:26 | Orc Burrow |
| 0:53 | War Mill |
| 1:32 | Peon |
| 1:33 | Peon |
| 1:33 | Peon |
| 1:47 | Peon |
| 2:03 | Peon |
| 2:10 | Watch Tower |
| 2:18 | Watch Tower |
| 2:23 | Peon |
| 2:40 | Serpent Ward |
| 2:42 | Peon |
| 2:48 | Watch Tower |
| 3:03 | Voodoo Lounge |
| 3:04 | Peon |
| 3:07 | Orc Burrow |
| 3:57 | Peon |
| 4:00 | Watch Tower |
| 4:08 | Watch Tower |
| 4:15 | Watch Tower |
| 4:22 | Peon |
| 4:23 | Peon |
| 4:35 | Healing Salve |
| 4:36 | Lesser Clarity Potion |
| 4:39 | Lesser Clarity Potion |
| 4:44 | Watch Tower |
| 4:53 | Stronghold |
| 5:04 | Watch Tower |
| 6:32 | Hex |
| 6:58 | Barracks |
| 7:11 | Serpent Ward |
| 7:31 | Great Hall |
| 7:33 | Watch Tower |
| 7:35 | Watch Tower |
| 7:40 | Beastiary |
| 7:45 | Watch Tower |
| 7:46 | Watch Tower |
| 7:47 | Watch Tower |
| 8:02 | Barracks |
| 8:04 | Peon |
| 8:04 | Peon |
| 8:05 | Reinforced Defenses |
| 8:19 | Demolisher |
| 8:22 | Orc Burrow |
| 8:44 | Watch Tower |
| 9:00 | Watch Tower |
| 9:01 | Watch Tower |
| 9:02 | Watch Tower |
| 9:08 | Troll Batrider |
| 10:04 | Troll Batrider |
| 10:05 | Fortress |
| 10:10 | Demolisher |
| 10:32 | Healing Wave |
| 10:35 | Troll Batrider |
| 10:40 | Spiked Barricades |
| 10:43 | Beastiary |
| 10:46 | Lesser Clarity Potion |
| 10:48 | Lesser Clarity Potion |
| 11:01 | Steel Armor |
| 11:04 | Troll Batrider |
| 11:04 | Troll Batrider |
| 12:09 | Demolisher |
| 12:11 | Troll Regeneration |
| 12:14 | Troll Batrider |
| 12:18 | Orc Burrow |
| 12:23 | Scroll of Town Portal |
| 12:25 | Scroll of Speed |
| 12:28 | Liquid Fire |
| 12:34 | Peon |
| 13:17 | Orc Burrow |
| 13:28 | Great Hall |
| 13:31 | Watch Tower |
| 13:32 | Watch Tower |
| 13:32 | Watch Tower |
| 13:33 | Watch Tower |
| 13:33 | Watch Tower |
| 13:55 | Troll Batrider |
| 14:02 | Watch Tower |
| 14:13 | Burning Oil |
| 14:23 | Steel Ranged Weapons |
| 14:24 | Troll Batrider |
| 14:31 | Peon |
| 14:31 | Peon |
| 15:17 | Great Hall |
| 15:19 | Watch Tower |
| 15:19 | Watch Tower |
| 15:20 | Watch Tower |
| 15:20 | Watch Tower |
| 15:32 | Peon |
| 15:33 | Peon |
| 15:33 | Peon |
| 15:33 | Peon |
| 15:34 | Peon |
| 15:38 | Troll Batrider |
| 16:18 | Troll Batrider |
| 16:20 | Peon |
| 16:25 | War Mill |
| 16:30 | Watch Tower |
| 16:32 | Watch Tower |
| 16:43 | Troll Batrider |
| 17:23 | Serpent Ward |
| 17:55 | Troll Batrider |
| 17:55 | Troll Batrider |
| 18:29 | Peon |
| 18:29 | Peon |
| 18:29 | Peon |
| 18:30 | Peon |
| 18:31 | Peon |
| 18:33 | Peon |
| 18:33 | Peon |
| 18:33 | Peon |
| 18:38 | Watch Tower |
| 18:38 | Watch Tower |
| 18:39 | Watch Tower |
| 18:39 | Watch Tower |
| 18:43 | Troll Batrider |
| 19:18 | Big Bad Voodoo |
| 19:45 | Voodoo Lounge |
| 19:46 | Watch Tower |
| 19:47 | Watch Tower |
| 20:02 | Troll Batrider |
| 20:04 | Troll Batrider |
| 20:06 | Beastiary |
| 20:19 | Demolisher |
| 20:27 | Improved Spiked Barricades |
| 20:30 | Peon |
| 20:51 | Demolisher |
| 20:56 | Demolisher |
| 21:09 | Lesser Clarity Potion |
| 21:12 | Orb of Lightning |
| 21:14 | Scroll of Speed |
| 21:14 | Scroll of Town Portal |
| 21:20 | Potion of Healing |
| 21:28 | Thorium Ranged Weapons |
| 21:31 | Arcanite Ranged Weapons |
| 22:05 | Great Hall |
| 22:07 | Watch Tower |
| 22:07 | Watch Tower |
| 22:08 | Watch Tower |
| 22:08 | Watch Tower |
| 22:09 | Watch Tower |
| 22:10 | Watch Tower |
| 22:10 | Watch Tower |
| 22:14 | Voodoo Lounge |
| 22:22 | Potion of Healing |
| 23:26 | Thorium Armor |
| 25:06 | Watch Tower |
| 25:07 | Watch Tower |
| 25:09 | Watch Tower |
| 25:12 | Watch Tower |
| 26:33 | Arcanite Armor |
| Right click | 953 |
| Select | 435 |
| Build/train/purchase | 145 |
| Use ability | 80 |
| Select group | 62 |
| Assign group | 20 |
| Resource trade | 16 |
| Chat | 14 |
| Esc | 7 |
| Misc. action | 3 |
| Item give/drop | 3 |
| Minimap ping | 2 |
| Remove unit | 1 |
112 units @ 15.9k
/ 2.6k
58 buildings @ 8.7k
/ 3.5k


| Scroll of Town Portal | 4 | 1400 |
| Scroll of Regeneration | 1 | 100 |
| total: | 5 | 1500g |
| Wisp | 32 | 1920 | / | 0 |
| Huntress | 4 | 780 | / | 80 |
| Druid of the Claw | 5 | 1275 | / | 400 |
| Dryad | 3 | 435 | / | 180 |
| Mountain Giant | 2 | 700 | / | 200 |
| total: | 46 | 5110g | / | 860w |
| Ancient Protector | 7 | 945 | / | 560 |
| Moon Well | 8 | 1440 | / | 320 |
| Altar of Elders | 1 | 180 | / | 50 |
| Hunter's Hall | 1 | 210 | / | 100 |
| Ancient of War | 1 | 150 | / | 60 |
| Tree of Life | 2 | 680 | / | 370 |
| Ancient of Wonders | 1 | 90 | / | 30 |
| Ancient of Lore | 2 | 310 | / | 290 |
| Tree of Ages | 1 | 320 | / | 180 |
| Tree of Eternity | 1 | 330 | / | 200 |
| total: | 23 | 4005g | / | 1780w |
| 0:02 | Wisp |
| 0:02 | Wisp |
| 0:06 | Moon Well |
| 0:21 | Altar of Elders |
| 0:25 | Wisp |
| 0:42 | Wisp |
| 0:52 | Wisp |
| 1:09 | Wisp |
| 1:14 | Hunter's Hall |
| 1:26 | Wisp |
| 1:32 | Ancient of War |
| 1:40 | Wisp |
| 1:54 | Wisp |
| 2:03 | Moon Well |
| 2:08 | Wisp |
| 2:21 | Mana Burn |
| 2:46 | Tree of Ages |
| 2:59 | Huntress |
| 3:11 | Strength of the Wild |
| 3:32 | Huntress |
| 3:49 | Moon Well |
| 4:08 | Evasion |
| 4:10 | Huntress |
| 4:38 | Huntress |
| 4:43 | Reinforced Hides |
| 5:18 | Ancient of Lore |
| 5:22 | Ancient of Lore |
| 6:00 | Black Arrow |
| 6:16 | Moon Well |
| 6:36 | Abolish Magic |
| 6:38 | Druid of the Claw Adept Training |
| 6:43 | Tree of Eternity |
| 7:12 | Druid of the Claw |
| 7:23 | Mana Burn |
| 7:34 | Tree of Life |
| 7:45 | Ancient Protector |
| 8:05 | Dryad |
| 8:16 | Life Drain |
| 9:03 | Dryad |
| 9:09 | Moon Well |
| 9:57 | Ancient of Wonders |
| 10:02 | Druid of the Claw Master Training |
| 10:17 | Wisp |
| 10:17 | Wisp |
| 10:18 | Wisp |
| 10:19 | Wisp |
| 10:19 | Wisp |
| 10:21 | Wisp |
| 10:21 | Wisp |
| 10:22 | Wisp |
| 10:22 | Wisp |
| 11:04 | Scroll of Town Portal |
| 11:07 | Druid of the Claw |
| 11:18 | Mountain Giant |
| 12:19 | Moon Well |
| 12:22 | Moon Well |
| 12:51 | Evasion |
| 13:22 | Moon Well |
| 13:25 | Druid of the Claw |
| 13:32 | Improved Strength of the Wild |
| 13:38 | Black Arrow |
| 13:43 | Wisp |
| 13:45 | Wisp |
| 14:13 | Ancient Protector |
| 14:15 | Ancient Protector |
| 14:26 | Dryad |
| 14:39 | Scroll of Town Portal |
| 14:44 | Wisp |
| 15:18 | Ancient Protector |
| 15:22 | Wisp |
| 15:22 | Wisp |
| 16:18 | Druid of the Claw |
| 16:29 | Ancient Protector |
| 16:34 | Tree of Life |
| 16:51 | Scroll of Town Portal |
| 16:58 | Scroll of Regeneration |
| 17:13 | Wisp |
| 17:13 | Wisp |
| 17:13 | Wisp |
| 17:16 | Mountain Giant |
| 18:22 | Druid of the Claw |
| 18:37 | Wisp |
| 18:37 | Wisp |
| 18:37 | Wisp |
| 18:38 | Wisp |
| 18:38 | Wisp |
| 18:41 | Ancient Protector |
| 18:43 | Ancient Protector |
| 19:14 | Mark of the Claw |
| 19:22 | Scroll of Town Portal |
| Right click | 333 |
| Select group | 232 |
| Select | 177 |
| Build/train/purchase | 88 |
| Use ability | 51 |
| Assign group | 26 |
| Misc. action | 1 |
| Item give/drop | 1 |

| Scroll of Regeneration | 6 | 600 |
| Lesser Clarity Potion | 3 | 210 |
| Orb of Fire | 1 | 325 |
| Scroll of Town Portal | 3 | 1050 |
| total: | 13 | 2185g |
| Peasant | 15 | 1125 | / | 0 |
| Footman | 8 | 1080 | / | 0 |
| Gryphon Rider | 11 | 3080 | / | 770 |
| total: | 34 | 5285g | / | 770w |
| Farm | 13 | 1040 | / | 260 |
| Altar of Kings | 1 | 180 | / | 50 |
| Barracks | 1 | 160 | / | 60 |
| Lumber Mill | 1 | 120 | / | 0 |
| Arcane Vault | 1 | 130 | / | 30 |
| Town Hall | 1 | 385 | / | 205 |
| Blacksmith | 1 | 140 | / | 60 |
| Gryphon Aviary | 2 | 280 | / | 300 |
| Keep | 2 | 640 | / | 420 |
| Castle | 1 | 360 | / | 210 |
| total: | 21 | 2435g | / | 965w |
| 0:07 | Farm |
| 0:08 | Altar of Kings |
| 0:10 | Peasant |
| 0:23 | Peasant |
| 0:27 | Barracks |
| 0:43 | Farm |
| 0:44 | Peasant |
| 1:07 | Peasant |
| 1:30 | Footman |
| 1:34 | Farm |
| 1:38 | Peasant |
| 1:57 | Footman |
| 2:08 | Lumber Mill |
| 2:16 | Farm |
| 2:18 | Footman |
| 2:20 | Storm Bolt |
| 3:07 | Arcane Vault |
| 3:09 | Footman |
| 3:20 | Peasant |
| 3:20 | Peasant |
| 3:21 | Peasant |
| 4:05 | Keep |
| 4:10 | Farm |
| 4:20 | Footman |
| 4:57 | Town Hall |
| 5:08 | Bash |
| 5:27 | Footman |
| 5:27 | Footman |
| 5:37 | Farm |
| 6:02 | Blacksmith |
| 6:20 | Scroll of Regeneration |
| 6:20 | Lesser Clarity Potion |
| 6:20 | Lesser Clarity Potion |
| 6:28 | Castle |
| 6:33 | Farm |
| 7:10 | Storm Bolt |
| 7:22 | Footman |
| 7:30 | Iron Forged Swords |
| 7:37 | Gryphon Aviary |
| 7:51 | Gryphon Aviary |
| 8:00 | Scroll of Regeneration |
| 8:07 | Scroll of Regeneration |
| 8:13 | Farm |
| 8:47 | Peasant |
| 8:48 | Peasant |
| 8:48 | Peasant |
| 8:48 | Peasant |
| 9:16 | Gryphon Rider |
| 9:19 | Peasant |
| 9:19 | Peasant |
| 9:19 | Peasant |
| 9:24 | Farm |
| 10:04 | Gryphon Rider |
| 10:39 | Bash |
| 10:53 | Gryphon Rider |
| 10:58 | Scroll of Town Portal |
| 12:03 | Farm |
| 12:05 | Gryphon Rider |
| 12:15 | Studded Leather Armor |
| 12:46 | Gryphon Rider |
| 12:48 | Storm Hammers |
| 13:19 | Steel Forged Swords |
| 13:31 | Animal War Training |
| 13:50 | Farm |
| 13:52 | Orb of Fire |
| 14:05 | Gryphon Rider |
| 14:29 | Farm |
| 14:33 | Reinforced Leather Armor |
| 15:17 | Scroll of Regeneration |
| 15:52 | Storm Bolt |
| 16:17 | Gryphon Rider |
| 16:17 | Gryphon Rider |
| 16:21 | Farm |
| 16:24 | Scroll of Town Portal |
| 16:25 | Scroll of Regeneration |
| 17:39 | Gryphon Rider |
| 17:39 | Gryphon Rider |
| 18:20 | Gryphon Rider |
| 18:21 | Mithril Forged Swords |
| 18:28 | Scroll of Regeneration |
| 18:31 | Lesser Clarity Potion |
| 18:34 | Scroll of Town Portal |
| Right click | 972 |
| Select | 296 |
| Build/train/purchase | 76 |
| Use ability | 26 |
| Misc. action | 3 |
| Minimap ping | 1 |


| Rod of Necromancy | 3 | 450 |
| Sacrificial Skull | 1 | 50 |
| Ritual Dagger | 1 | 125 |
| Potion of Mana | 3 | 600 |
| Potion of Healing | 1 | 150 |
| Orb of Corruption | 1 | 375 |
| Scroll of Town Portal | 1 | 350 |
| total: | 11 | 2100g |
| Acolyte | 7 | 525 | / | 0 |
| Ghoul | 5 | 600 | / | 0 |
| Crypt Fiend | 12 | 2580 | / | 480 |
| Obsidian Statue | 3 | 600 | / | 105 |
| Abomination | 5 | 1200 | / | 350 |
| total: | 32 | 5505g | / | 935w |
| Nerubian Tower | 4 | 400 | / | 80 |
| Spirit Tower | 1 | 145 | / | 40 |
| Crypt | 1 | 200 | / | 50 |
| Ziggurat | 7 | 1050 | / | 350 |
| Altar of Darkness | 1 | 180 | / | 50 |
| Tomb of Relics | 1 | 130 | / | 30 |
| Graveyard | 1 | 215 | / | 0 |
| Necropolis | 1 | 225 | / | 0 |
| Slaughterhouse | 2 | 280 | / | 270 |
| Halls of the Dead | 4 | 1280 | / | 840 |
| Black Citadel | 2 | 650 | / | 460 |
| total: | 14 | 2280g | / | 750w |
| 0:05 | Acolyte |
| 0:12 | Acolyte |
| 0:23 | Crypt |
| 0:25 | Ziggurat |
| 0:37 | Altar of Darkness |
| 0:52 | Tomb of Relics |
| 1:24 | Ghoul |
| 1:24 | Ghoul |
| 1:38 | Graveyard |
| 1:59 | Ziggurat |
| 2:35 | Ghoul |
| 2:37 | Rod of Necromancy |
| 2:39 | Sacrificial Skull |
| 2:40 | Ritual Dagger |
| 2:55 | Death Coil |
| 3:05 | Acolyte |
| 4:13 | Ziggurat |
| 4:23 | Unholy Aura |
| 4:50 | Necropolis |
| 4:59 | Crypt Fiend |
| 5:10 | Nerubian Tower |
| 5:24 | Acolyte |
| 5:24 | Acolyte |
| 5:24 | Acolyte |
| 5:26 | Acolyte |
| 5:29 | Ziggurat |
| 5:37 | Crypt Fiend |
| 5:38 | Nerubian Tower |
| 6:52 | Rod of Necromancy |
| 6:53 | Halls of the Dead |
| 6:53 | Halls of the Dead |
| 7:16 | Crypt Fiend |
| 7:16 | Crypt Fiend |
| 7:35 | Death Coil |
| 7:49 | Crypt Fiend |
| 8:00 | Creature Attack |
| 8:37 | Crypt Fiend |
| 8:37 | Creature Carapace |
| 9:01 | Spirit Tower |
| 9:09 | Crypt Fiend |
| 9:53 | Slaughterhouse |
| 10:10 | Ghoul |
| 10:18 | Potion of Mana |
| 10:56 | Ghoul |
| 11:28 | Rod of Necromancy |
| 11:29 | Potion of Healing |
| 11:29 | Potion of Mana |
| 11:32 | Frost Nova |
| 12:07 | Black Citadel |
| 12:08 | Obsidian Statue |
| 12:08 | Obsidian Statue |
| 12:48 | Unholy Aura |
| 13:00 | Slaughterhouse |
| 13:01 | Unholy Strength |
| 13:05 | Obsidian Statue |
| 13:26 | Burrow |
| 13:43 | Unholy Armor |
| 13:47 | Ziggurat |
| 13:50 | Ziggurat |
| 14:07 | Frost Armor |
| 14:28 | Disease Cloud |
| 14:44 | Scroll of Town Portal |
| 14:44 | Orb of Corruption |
| 15:09 | Abomination |
| 15:14 | Abomination |
| 15:37 | Web |
| 16:30 | Improved Unholy Armor |
| 16:31 | Abomination |
| 16:51 | Ziggurat |
| 16:54 | Potion of Mana |
| 18:23 | Abomination |
| 18:40 | Crypt Fiend |
| 18:40 | Crypt Fiend |
| 18:40 | Crypt Fiend |
| 18:41 | Crypt Fiend |
| 18:42 | Crypt Fiend |
| 18:42 | Improved Creature Attack |
| 18:44 | Abomination |
| Right click | 980 |
| Select | 327 |
| Build/train/purchase | 122 |
| Use ability | 34 |
| Misc. action | 11 |
| Select group | 7 |
| Minimap ping | 5 |
| Resource trade | 5 |
| Assign group | 2 |
| Item give/drop | 2 |
⇛